 Dungeon Crawl Stone Soup version 0.29.1-12-g30fa7ad0bf (webtiles) character file.

Game seed: 8721265538491730954

13 wormed the Shooter (level 2, 26/29 HPs)
             Began as a Gnoll Wanderer on Dec 20, 2022.
             Quit the game on level 1 of the Dungeon.
             The game lasted 00:01:51 (670 turns).

wormed the Shooter (Gnoll Wanderer)                  Turns: 670, Time: 00:01:52

Health: 26/29      AC:  7    Str: 14    XL:     2   Next: 37%
Magic:  2/2        EV:  9    Int:  9    God:
Gold:   25         SH:  0    Dex: 10    Spells: 1/1 levels left

rFire   . . .      SeeInvis .   b - +0 falchion
rCold   . . .      Faith    .   (no shield)
rNeg    . . .      Spirit   .   c - +0 scale mail
rPois   .          Reflect  .   (no helmet)
rElec   .          Harm     .   (no cloak)
rCorr   .          Rampage  .   (no gloves)
Will    .....                   (no boots)
Stlth   ..........              (no amulet)
HPRegen 0.09/turn               (no ring)
MPRegen 0.08/turn               (no ring)

@: no status effects
A: fangs 1, strong nose, distributed training
a: no special abilities


You were on level 1 of the Dungeon.
You visited 1 branch of the dungeon, and saw 1 of its levels.

You collected 25 gold pieces.

Inventory:

Hand Weapons
 a - a +0 shortbow
 b - a +0 falchion (weapon)
Armour
 c - a +0 scale mail (worn)
Scrolls
 d - a scroll of fear
 e - a scroll of identify {unknown}
 g - a scroll of blinking {unknown}
 h - a scroll of teleportation {unknown}
 i - a scroll of vulnerability {unknown}
Potions
 f - a potion of might {unknown}


   Skills:
 + Level 6.5 Fighting
 + Level 0.4 Short Blades
 + Level 2.5 Long Blades
 + Level 0.4 Axes
 + Level 0.4 Maces & Flails
 + Level 0.4 Polearms
 + Level 0.4 Staves
 + Level 6.5 Ranged Weapons
 + Level 0.4 Throwing
 + Level 4.5 Armour
 + Level 2.5 Dodging
 + Level 0.4 Stealth
 + Level 0.4 Shields
 + Level 0.4 Unarmed Combat
 + Level 0.4 Spellcasting
 + Level 0.2 Conjurations
 + Level 0.2 Hexes
 + Level 0.2 Summonings
 + Level 0.2 Necromancy
 + Level 0.2 Translocations
 + Level 0.2 Transmutations
 + Level 0.2 Fire Magic
 + Level 0.2 Ice Magic
 + Level 0.2 Air Magic
 + Level 0.2 Earth Magic
 + Level 0.2 Poison Magic
 + Level 0.5 Invocations
 + Level 0.4 Evocations


You had one spell level left.
You didn't know any spells.
Your spell library was empty.

Dungeon Overview and Level Annotations

Branches:
Dungeon (1/15)

Altars:


Innate Abilities, Weirdness & Mutations

You have very sharp teeth.
Your uncanny sense of smell can sniff out nearby items.
Your experience applies equally to all skills.


Message History

You are frozen.
You hit the endoplasm but do no damage. You bite the endoplasm.
The endoplasm is lightly wounded.
The endoplasm hits you but does no damage.
You hit the endoplasm. Your bite misses the endoplasm.
The endoplasm is severely wounded.
The endoplasm freezes you.
You are frozen.
The endoplasm freezes you.
You are frozen.
You hit the endoplasm.
You kill the endoplasm!
A kobold comes into view. It is wielding a +0 whip.
The kobold shouts!
The kobold moves out of view.
A kobold is nearby!
A kobold is nearby!
You closely miss the kobold. The kobold hits you but does no damage.
You closely miss the kobold. The kobold hits you but does no damage.
An endoplasm comes into view.
The endoplasm quivers.
You hit the kobold.
The kobold is moderately wounded.
The kobold hits you with a +0 whip.
You hit the kobold.
The kobold is severely wounded.
The kobold hits you but does no damage.
You hit the kobold.
You kill the kobold!
You barely miss the endoplasm.
The endoplasm hits you but does no damage.
You hit the endoplasm.
The endoplasm is severely wounded.
The endoplasm closely misses you.
You slash the endoplasm!
You kill the endoplasm!
You see here a +0 whip.
Unknown command.
Unknown command.
Are you sure you want to abandon this character and quit the game? (Confirm with "yes".)

#.. #.# ###### #.#
# #....# ##.# ##.
#.##.# ##..#...
#.##.# ##...#.#
#.##.# #......##.#
#.##.####..@.....#
#.##..........####
#.########.####
#####.# #.#
#...#.# #+#
#.#...# #...###
##.#.## #....####


There were no monsters in sight!

Vanquished Creatures
  3 endoplasms (D:1)
  A goblin (D:1)
  2 kobolds (D:1)
  2 quokkas (D:1)
  A ball python (D:1)
  2 bats (D:1)
11 creatures vanquished.

Notes
Turn   | Place    | Note
-------+----------+-------------------------------------------
     0 | D:1      | wormed the Gnoll Wanderer began the quest for the Orb.
     0 | D:1      | wormed set off with the following items: a +0 shortbow, a
                  | +0 falchion, a +0 scale mail, a scroll of fear.
     0 | D:1      | Reached XP level 1. HP: 23/23 MP: 1/1
   324 | D:1      | Reached XP level 2. HP: 25/29 MP: 2/2
   670 | D:1      | Quit the game

Illustrated notes

Levels and vault maps discovered:
D:1:      tarquinn_simple_flora_water_f, layout_loops_corners

Action                   || total
-------------------------++-------
Melee: Falchion          ||    43
       Bite              ||     3
Armor: Scale mail        ||    27
Dodge: Dodged            ||    25
